 Dungeon Crawl Stone Soup version 0.24.0-2-g5b39cebb1c (webtiles) character file.

Game seed: 9650103978271672713, levelgen mode: deterministic

142 Mrkan the Chopper (level 5, -4/47 HPs)
             Began as a Hill Orc Fighter on Oct 31, 2019.
             Killed by nerve-wracking pain
             ... invoked by Grinder
              (12 damage)
             ... while paralysed by Grinder
             ... on level 3 of the Dungeon.
             The game lasted 00:04:25 (2155 turns).

Mrkan the Chopper (Hill Orc Fighter)                Turns: 2155, Time: 00:04:26

Health: -4/47      AC:  9    Str: 24    XL:     5   Next: 25%
Magic:  5/5        EV:  2    Int:  8    God:
Gold:   151        SH:  0    Dex: 11    Spells: 4/4 levels left

rFire    . . .     SeeInvis .   a - +0 war axe
rCold    . . .     Gourm    .   c - +0 shield
rNeg     . . .     Faith    .   b - +0 scale mail
rPois    .         Spirit   .   g - +0 helmet
rElec    .         Reflect  .   (no cloak)
rCorr    .         Harm     .   h - +0 pair of gloves
MR       .....                  (no boots)
Stlth    ..........             (no amulet)
HPRegen  0.15/turn              (no ring)
MPRegen  0.09/turn              (no ring)

@: paralysed, mighty
A: no striking features
a: no special abilities


You were on level 3 of the Dungeon.
You were not hungry.

You visited 1 branch of the dungeon, and saw 3 of its levels.

You collected 151 gold pieces.

Inventory:

Hand Weapons
 a - a +0 war axe (weapon)
Missiles
 j - 119 stones (quivered)
Armour
 b - a +0 scale mail (worn)
 c - a +0 shield (worn)
 g - a +0 helmet (worn)
 h - a +0 pair of gloves (worn)
Jewellery
 p - a cursed amulet of inaccuracy {unknown}
 r - an uncursed ring of protection from cold {unknown}
Scrolls
 e - a scroll of blinking {unknown}
 i - 3 scrolls of identify {unknown}
 o - a scroll of enchant armour {unknown}
 q - a scroll of random uselessness {unknown}
Potions
 l - a potion of degeneration {unknown}
 m - a potion of agility {unknown}
 n - a potion of cancellation {unknown}
 s - a potion of magic {unknown}
Comestibles
 f - 5 rations
 k - a chunk of flesh


   Skills:
 + Level 4.4 Fighting
 * Level 4.9 Axes
 + Level 4.0 Armour
 + Level 4.1 Shields


You had 4 spell levels left.
You didn't know any spells.
Your spell library was empty.

Dungeon Overview and Level Annotations

Branches:
Dungeon (3/15)

Altars:

Annotations:
D:3 Grinder


Message History

Grinder blinks!
You block the goblin's attack.
You slash the goblin!
You kill the goblin!
Things that are here:
a cursed -2 club; a goblin corpse Grinder gestures at you.
Pain shoots through your body!
* * * LOW HITPOINT WARNING * * *
You closely miss Grinder.
Grinder is heavily wounded.
Grinder barely misses you.
You barely miss Grinder.
Grinder is heavily wounded.
Grinder blinks!
Grinder gestures at you.
You suddenly lose the ability to move!
Grinder barely misses you. Grinder gestures at you.
Pain shoots through your body!
You die...

......#. #>..# #.#
......... #...# #.#
.......#.# #...# #.#
##......... ...# #.#
..<..# #.###..# #.#
.....5###.....# #.#
#...#..###.######.#
#.##....)......#
#.....##@###.########
#.###.#5## #.# #...
..# #.## #### ...
...# .... ...


You could see Grinder.

Vanquished Creatures
  Jessica (D:3)
  Robin (D:2)
  3 adders
  A gnoll (D:2)
  2 worms (D:2)
  3 dart slugs
  A leopard gecko (D:1)
  2 orcs
  4 giant cockroaches
  8 hobgoblins
  2 jackals (D:1)
  4 bats
  3 frilled lizards
  11 goblins
  5 kobolds
  5 rats
56 creatures vanquished.

Notes
Turn   | Place    | Note
-------+----------+-------------------------------------------
     0 | D:1      | Mrkan the Hill Orc Fighter began the quest for the Orb.
     0 | D:1      | Reached XP level 1. HP: 19/19 MP: 1/1
   171 | D:1      | Reached XP level 2. HP: 27/27 MP: 2/2
   621 | D:1      | Reached XP level 3. HP: 33/33 MP: 3/3
   772 | D:2      | Noticed Robin
   820 | D:2      | Killed Robin
  1133 | D:2      | Reached XP level 4. HP: 17/40 MP: 4/4
  2065 | D:3      | Noticed Jessica
  2068 | D:3      | Killed Jessica
  2068 | D:3      | Reached XP level 5. HP: 47/47 MP: 5/5
  2125 | D:3      | Noticed Grinder
  2133 | D:3      | Paralysed by Grinder for 7 turns
  2153 | D:3      | Paralysed by Grinder for 5 turns
  2155 | D:3      | Killed from afar by Grinder

Levels and vault maps discovered:
D:1:      dpeg_arrival_radiant, layout_basic
D:2:      layout_basic, grunt_ministairs_3, chequers_serial_rivers_micro_c,
          minmay_diced_spiral, uniq_robin
D:3:      layout_loops_ring, nicolae_overflow_hidden_temple, first_ration,
          uniq_grinder, uniq_jessica, uniq_ijyb

Skill      XL: |  1  2  3  4 |
---------------+-------------+-----
Axes           | 3 4 |  4.9
Fighting       | 4 |  4.4
Shields        | 4 |  4.1
Armour         | 4 |  4.0

Action                   |  1- 3 |  4- 6 || total
-------------------------+-------+-------++-------
Melee: War axe           |   112 |    81 ||   193
  Use: Potion            |     1 |     1 ||     2
  Eat: Chunk             |     1 |     3 ||     4
Armor: Scale mail        |    57 |    40 ||    97
Dodge: Dodged            |    41 |    25 ||    66
Block: Shield            |    56 |    36 ||    92
